 Dungeon Crawl Stone Soup version 0.25-a0-503-ge281fa673e (webtiles) character file.

Game seed: 60807913459000723, levelgen mode: deterministic

1955 Kohma the Frost Mage (level 8, 0/73 HPs)
             Began as a Grey Draconian Ice Elementalist on Feb 13, 2020.
             Was a Follower of Vehumet.
             Slain by Soborki's ghost (14 damage)
             ... on level 6 of the Dungeon.
             The game lasted 00:15:43 (6187 turns).

Kohma the Frost Mage (DrIE)                         Turns: 6187, Time: 00:15:44

Health: 0/73       AC: 13    Str: 17    XL:     8   Next: 99%
Magic:  4/14       EV: 12    Int: 17    God:    Vehumet [*.....]
Gold:   283        SH:  0    Dex: 11    Spells: 7/15 levels left

rFire    . . .     SeeInvis .   l - +2 dagger (venom)
rCold    . . .     Gourm    .   (no shield)
rNeg     . . .     Faith    .   (armour unavailable)
rPois    .         Spirit   .   k - +1 hat
rElec    .         Reflect  .   e - +0 cloak
rCorr    .         Harm     .   (no gloves)
MR       +....                  (no boots)
Stlth    ++........             (no amulet)
HPRegen  0.22/turn              g - ring of protection from magic
MPRegen  0.14/turn              (no ring)

@: mighty, frozen ramparts
A: walk through water, unfitting armour, unbreathing, cold-blooded, AC +11
a: Renounce Religion


You were on level 6 of the Dungeon.
You worshipped Vehumet.
Vehumet was aware of your devotion.
You were hungry.

You visited 1 branch of the dungeon, and saw 6 of its levels.

You collected 283 gold pieces.

Inventory:

Hand Weapons
 a - a +0 long sword
 l - a +2 dagger of venom (weapon)
 v - a +2 whip of freezing
Missiles
 i - 12 poisoned darts (quivered)
Armour
 e - a +0 cloak (worn)
 k - a +1 hat (worn)
 t - a +0 kite shield
Jewellery
 g - a ring of protection from magic (left hand)
 w - an uncursed amulet of guardian spirit
Wands
 n - a wand of random effects (17)
 y - a wand of disintegration (11)
Scrolls
 c - a scroll of enchant weapon
 f - 2 scrolls of remove curse
 h - 3 scrolls of fog
 q - 3 scrolls of teleportation
 s - a scroll of blinking
 x - a scroll of amnesia {unknown}
Potions
 d - 2 potions of heal wounds
 m - a potion of brilliance
 o - a potion of lignification
 p - a potion of mutation {unknown}
 u - 2 potions of curing {unknown}
Comestibles
 b - 7 rations


   Skills:
 + Level 7.1 Fighting
 - Level 1.7 Dodging
 - Level 1.7 Stealth
 - Level 4.0 Spellcasting
 - Level 5.2 Necromancy
 - Level 8.0 Ice Magic


You had 7 spell levels left.
You knew the following spells:

 Your Spells              Type           Power        Failure   Level  Hunger
a - Freeze                Ice            ####         1%          1    None
b - Frozen Ramparts       Ice            ####..       1%          3    ###....
c - Ozocubu's Armour      Chrm/Ice       ###.....     9%          3    ###....
d - Animate Skeleton      Necr           N/A          1%          1    None

Your spell library contained the following spells:

 Spells                   Type           Power        Failure   Level  Hunger
 Sandblast                Erth           #.....       16%         1    None
 Pain                     Necr           ###.         1%          1    None
 Vampiric Draining        Necr           ###.......   5%          3    ###....
 Animate Dead             Necr           N/A          19%         4    ####...
 Hailstorm                Conj/Ice       ###.....     30%         4    ####...
 Summon Ice Beast         Ice/Summ       ###.....     30%         4    ####...
 Agony                    Necr           ###.....     45%         5    ######.


Dungeon Overview and Level Annotations

Branches:
Dungeon (6/15)
 Temple: D:4-7

Altars:
Elyvilon
Okawaru
Ru
Vehumet
Yredelemnul

Annotations:
D:6 Soborki's ghost, novice MiBe


Innate Abilities, Weirdness & Mutations

You can walk through water.
Your dull iron-grey scales are very hard. (AC +11)
You cannot fit into any form of body armour.
You can survive without breathing.
You are cold-blooded and may be slowed by cold attacks.


Message History

Vehumet accepts your kill.
You can now gain magical power from killing.
Vehumet offers you knowledge of Sandblast.
Your Fighting skill increases to level 7!
You feel very mighty all of a sudden.
The walls release a blast of icicles at Soborki's ghost!
Soborki's ghost hits you but does no damage.
The walls release a blast of icicles at the kobold demonologist!
The kobold demonologist mumbles some strange words.
The walls release a blast of icicles at the big kobold!
The big kobold is encased in ice.
The walls release a blast of icicles at the big kobold!
The wall releases a blast of icicles at the white imp!
The white imp partially resists.
The white imp is encased in ice.
You puncture Soborki's ghost!
Soborki's ghost is almost destroyed.
The kobold demonologist is no longer encased in ice.
The walls release a blast of icicles at Soborki's ghost!
Soborki's ghost hits you!
You die...

#.# #.#.. #.# #.#.# #.#
#.#.# #########.###.#.#
#.....>....##.#Z#
#.#######..##.... ########
#.# #.<####.#
#####....K5####.#
#####..####.#
#........KKKKW@.#
#...#........
#.##'''##)#####.#
#...####### ###.....### #.#
#...#Z# #P.#.#.≈# #.#
##.##Z# #⌠.#.#.⌠# #.# #.
#.# #P
#.#.P######.####.##.# ####
....##...........##.#
#..##$[$##.############.#.#
## #.#.# ###.###### #.###..
..


You could see a kobold demonologist, 4 big kobolds, Soborki's ghost and a white
imp.

Vanquished Creatures
  Pikel (D:6)
  Duvessa (D:6)
  An ice beast (D:5)
  3 slaves (D:6)
  A black bear (D:6)
  An ogre (D:4)
  A centaur (D:5)
  3 big kobolds (D:6)
  Blork the orc (D:5)
  Dowan (D:6)
  2 crimson imps
  A howler monkey (D:6)
  7 orc wizards
  An orc priest (D:5)
  2 iguanas (D:6)
  3 worker ants
  A hound skeleton (D:6)
  8 adders
  An ooze (D:5)
  3 adder skeletons
  4 worms
  A dart slug (D:1)
  4 leopard geckos
  28 orcs
  A ball python (D:5)
  3 giant cockroaches (D:4)
  4 goblins
  11 hobgoblins
  4 jackals (D:2)
  3 quokkas
  8 bats
  5 frilled lizards
  A jackal skeleton (D:6)
  7 kobolds
  5 rats
132 creatures vanquished.

Vanquished Creatures (collateral kills)
  A jelly (D:6)
1 creature vanquished.

Vanquished Creatures (others)
  A bullfrog (D:6)
  An orc wizard (D:4)
  A fungus (D:6)
3 creatures vanquished.

Grand Total: 136 creatures vanquished

Notes
Turn   | Place    | Note
-------+----------+-------------------------------------------
     0 | D:1      | Kohma the Draconian Ice Elementalist began the quest for
                  | the Orb.
     0 | D:1      | Reached XP level 1. HP: 14/14 MP: 3/3
   202 | D:1      | Reached XP level 2. HP: 12/20 MP: 0/5
   910 | D:2      | Reached XP level 3. HP: 22/26 MP: 0/6
  1112 | D:2      | Learned a level 3 spell: Frozen Ramparts
  1440 | D:2      | Reached skill level 5 in Ice Magic
  1747 | D:2      | Reached XP level 4. HP: 20/33 MP: 3/8
  1793 | D:2      | Learned a level 3 spell: Ozocubu's Armour
  1899 | D:2      | Found a white marble altar of Elyvilon.
  2255 | D:3      | You fall into a shaft and drop 3 floors!
  2267 | D:6      | Reached XP level 5. HP: 38/38 MP: 5/9
  2322 | D:6      | Noticed a black bear
  2328 | D:5      | Entered Level 5 of the Dungeon
  2354 | D:4      | Found an iron altar of Okawaru.
  2365 | D:4      | Noticed an ogre
  2391 | D:4      | Killed an ogre
  2391 | D:4      | Reached skill level 6 in Ice Magic
  2746 | D:4      | Found a basalt altar of Yredelemnul.
  2868 | D:4      | Reached XP level 6. HP: 45/45 MP: 7/11
  3207 | D:4      | Reached skill level 7 in Ice Magic
  3233 | D:4      | Learned a level 1 spell: Animate Skeleton
  3900 | D:5      | Your scales start taking on a dull iron-grey colour.
  3900 | D:5      | Reached XP level 7. HP: 18/51 MP: 9/13
  3900 | D:5      | Gained mutation: You can survive without breathing. [Grey
                  | Draconian growth]
  3906 | D:5      | Reached skill level 1 in Fighting
  3906 | D:5      | Reached skill level 1 in Necromancy
  4186 | D:5      | Found a radiant altar of Vehumet.
  4202 | D:5      | Became a worshipper of Vehumet
  4320 | D:5      | Noticed Blork the orc
  4337 | D:5      | Killed Blork the orc
  4437 | D:5      | Reached skill level 8 in Ice Magic
  4813 | D:5      | Found a sacrificial altar of Ru.
  5181 | D:6      | Noticed Dowan
  5191 | D:6      | Killed Dowan
  5443 | D:6      | Noticed Pikel
  5461 | D:6      | Killed Pikel
  5461 | D:6      | Reached XP level 8. HP: 67/67 MP: 9/14
  5544 | D:6      | Reached skill level 5 in Fighting
  5736 | D:6      | Noticed Duvessa
  5755 | D:6      | Killed Duvessa
  5755 | D:6      | Reached skill level 5 in Necromancy
  6159 | D:6      | Found a runed translucent gate.
  6160 | D:6      | Found a runed translucent gate.
  6160 | D:6      | Noticed Soborki's ghost (novice MiBe)
  6161 | D:6      | Found a runed translucent gate.
  6162 | D:6      | Noticed a kobold demonologist
  6162 | D:6      | Identified the +6 dagger of Uskayaw's Reproof {chaos,
                  | *Contam rElec SInv}
  6185 | D:6      | Reached * piety under Vehumet
  6185 | D:6      | Offered knowledge of Sandblast by Vehumet.
  6187 | D:6      | Slain by Soborki's ghost

Levels and vault maps discovered:
D:1:      dpeg_arrival_radiant, layout_basic
D:2:      layout_loops_cross, elyvilon_altar_5, minmay_ruptured
D:3:      layout_rooms, first_ration
D:4:      layout_loops_ring, nicolae_overflow_crystal_walls,
          overflow_temple_1_default, minmay_a_box_with_orc_wizards_in_it
D:5:      layout_basic, lemuel_doored_altar, vehumet_crystals,
          solitary_fountain, uniq_blork_the_orc
D:6:      layout_loops_ring, kennysheep_mini, minmay_temple_entry_glassed_door,
          gammafunk_ghost_nasty_kobolds, uniq_duvessa, uniq_pikel

Skill      XL: |  1  2  3  4  5  6  7  8 |
---------------+-------------------------+-----
Ice Magic      | 5 6 7 8 |  8.0
Spellcasting   | 3 4 |  4.0
Fighting       | 4 7 |  7.1
Necromancy     | 4 5 |  5.2
Dodging        | |  1.7
Stealth        | |  1.7

Action                   |  1- 3 |  4- 6 |  7- 9 || total
-------------------------+-------+-------+-------++-------
Melee: Unarmed           |    31 |       |       ||    31
       Tailslap          |     4 |     9 |    11 ||    24
       Dagger            |    12 |       |    63 ||    75
       Short sword       |    63 |    34 |       ||    97
       Falchion          |       |    37 |    16 ||    53
       Long sword        |       |       |    13 ||    13
Throw: Dart              |     4 |       |       ||     4
 Cast: Freeze            |    48 |    17 |    20 ||    85
       Frozen Ramparts   |     1 |    16 |    16 ||    33
       Animate Skeleton  |       |       |     8 ||     8
  Use: Scroll            |       |     8 |     8 ||    16
       Potion            |       |       |     1 ||     1
 Stab: Sleeping          |     4 |     2 |       ||     6
       Distracted        |       |       |     1 ||     1
  Eat: Chunk             |     3 |     8 |     5 ||    16
       Ration            |       |       |     1 ||     1
Armor: Skin              |    59 |    33 |    40 ||   132
Dodge: Dodged            |   105 |    64 |    56 ||   225
       Rpst.: Falchion   |       |    13 |     4 ||    17
       Long sword        |       |       |     2 ||     2

Table legend:
 A = Non-vault XP
 B = Vault XP
 C = Vault XP percentage of total XP
 D = Non-vault monster count
 E = Vault monster count
 F = Vault count percentage of total count
                 A         B        C        D         E       F
            +---------+---------+-------+---------+---------+-------
      Total |    1418 |    1375 |  49.2 |     117 |      14 |  10.7
            +---------+---------+-------+---------+---------+-------
        D:1 |      30 |       0 |   0.0 |      19 |       0 |   0.0
        D:2 |      65 |      11 |  14.5 |      23 |       4 |  14.8
        D:3 |      75 |       0 |   0.0 |       8 |       0 |   0.0
        D:4 |     377 |     104 |  21.6 |      26 |       3 |  10.3
        D:5 |     429 |      87 |  16.9 |      22 |       1 |   4.3
        D:6 |     442 |    1173 |  72.6 |      19 |       6 |  24.0
            +---------+---------+-------+---------+---------+-------
